 Dungeon Crawl Stone Soup version 0.21.1-1-g345015f (webtiles) character file.

52 Iko the Digger (level 3, -2/28 HPs)
             Began as a Deep Dwarf Earth Elementalist on June 27, 2018.
             Slain by Edmund
             ... wielding a +2 dire flail of draining
              (8 damage)
             ... on level 4 of the Dungeon.
             The game lasted 00:05:56 (424 turns).

Iko the Digger (Deep Dwarf Earth Elementalist)       Turns: 424, Time: 00:05:57

Health: -2/28      AC:  3    Str: 12    XL:     3   Next: 60%
Magic:  2/6        EV: 11    Int: 15    God:
Gold:   48         SH:  0    Dex: 13    Spells: 2/6 levels left

rFire    + . .     SeeInvis .   f - +0 mace
rCold    + . .     Gourm    .   (no shield)
rNeg     . . .     Faith    .   c - +0 robe
rPois    +         Spirit   .   (no helmet)
rElec    +         Reflect  .   (no cloak)
rCorr    +         Harm     .   (no gloves)
MR       .....                  j - +0 pair of boots
Stlth    ++........             (no amulet)
HPRegen  0.00/turn              (no ring)
MPRegen  0.10/turn              (no ring)

@: resistant, non-regenerating, heavily drained
A: damage resistance, heal wounds, sense surroundings 1, no regeneration
a: Heal Wounds


You were on level 4 of the Dungeon.
You were not hungry.

You visited 1 branch of the dungeon, and saw 4 of its levels.

You collected 48 gold pieces.

Inventory:

Hand Weapons
 f - a +0 mace (weapon)
Missiles
 b - 25 stones (quivered)
Armour
 c - a +0 robe (worn)
 j - a +0 pair of boots (worn)
Scrolls
 g - 2 scrolls of remove curse
Potions
 i - 2 potions of lignification
Books
 e - a book of Geomancy

   Spells                             Type                      Level
   a - Sandblast                      Earth                        1
   b - Passwall                       Transmutation/Earth          2
   c - Stone Arrow                    Conjuration/Earth            3
   d - Petrify                        Transmutation/Earth          4
   e - Lee's Rapid Deconstruction     Earth                        5
Comestibles
 d - 4 rations


   Skills:
 + Level 2.5(0.7) Dodging
 + Level 2.7(0.8) Stealth
 + Level 2.2(0.3) Spellcasting
   Level 0.8(0.0) Transmutations
 + Level 5.4(3.4) Earth Magic


You had 2 spell levels left.
You knew the following spells:

 Your Spells              Type           Power        Failure   Level  Hunger
a - Sandblast             Erth           ##....       6%          1    ##.....
b - Stone Arrow           Conj/Erth      #.....       36%         3    ####...


Dungeon Overview and Level Annotations

Branches:
Dungeon (4/15)
 Temple: D:4-7

Altars:

Annotations:
D:4 Edmund


Innate Abilities, Weirdness & Mutations

You are resistant to damage.
You can heal yourself by infusing magical energy.
You passively map a small area around you.
You do not regenerate.


Message History

Casting: Sandblast
Confirm with . or Enter, or press ? or * to list all spells.
Aiming: Sandblast
Press: ? - help, Shift-Dir - straight line, f/p - Edmund
Aim: Edmund, wielding a dire flail of draining and wearing a leather armour (heavily wounded)
Okay, then.
You barely miss Edmund.
Edmund is heavily wounded.
Edmund barely misses you. Edmund closely misses you.
You hit Edmund.
Edmund is heavily wounded.
Edmund barely misses you.
You hit Edmund.
Edmund is severely wounded.
Edmund barely misses you.
You closely miss Edmund.
Edmund is severely wounded.
Edmund hits you but does no damage.
You feel drained.
Edmund hits you with a dire flail of draining!
You die...

##################
####.........†.......
#..#........#########
#...........#
##...#.###### ###...#
#.#..# * #.#.)..# #
#@#.##.# . ** #@#.#
... #...ZZ.....#. *
#..........#.#
#..........#
#..........#,
#..........# * * *
#####...#### ..#.# ,


You could see Edmund, an adder skeleton and a water moccasin skeleton.

Vanquished Creatures
  Natasha (D:2)
  An adder (D:4)
  A dart slug (D:1)
  A leopard gecko (D:3)
  3 orcs
  3 bats
  A giant cockroach (D:1)
  2 goblins
13 creatures vanquished.

Notes
Turn   | Place    | Note
-------+----------+-------------------------------------------
     0 | D:1      | Iko the Deep Dwarf Earth Elementalist began the quest for the Orb.
     0 | D:1      | Reached XP level 1. HP: 15/15 MP: 3/3
   266 | D:2      | Noticed Natasha
   270 | D:2      | Killed Natasha
   270 | D:2      | Reached skill level 5 in Earth Magic
   270 | D:2      | Reached XP level 2. HP: 19/22 MP: 1/5
   270 | D:2      | Reached XP level 3. HP: 24/28 MP: 1/6
   301 | D:3      | Learned a level 3 spell: Stone Arrow
   408 | D:4      | Noticed Edmund
   424 | D:4      | Slain by Edmund

Skill      XL: |  1 |
---------------+----+-----
Spellcasting   | 2 |  2.2
Earth Magic    | 5 |  5.4
Dodging        | |  2.5
Stealth        | |  2.7
Transmutations | |  0.8

Action                   || total
-------------------------++-------
Melee: Spear             ||     4
       Unarmed           ||     4
       Mace              ||    14
 Cast: Sandblast         ||    24
  Use: Scroll            ||     4
       Potion            ||     4
Armor: Robe              ||     5
Dodge: Dodged            ||    20
